Unix NetHack Version 5.0.0-0 post-release - last build Jun 10 2026 00:39:30 (3ee93aec679c4c4259841fe613dc97188e26a321,branch:main).

Game began 2026-06-17 21:57:02, ended 2026-06-17 22:07:28.

ARFwashere, chaotic male elven Wizard

                                                          ----     ---
                                                         --..|    --.--------
                                                         |...------......--.--
                                                         |....--.............|
                                                    ------........#-.....)...|
                                                    |.......|.....|  -*....---
                                       -.|          |.--------.|.---###.*.--
                                       -.----     ---.|      --|.....|....|
                                       .G@..--    |...|         ----.|..<-|
                                      G ---..--   |..--      ----.||......|
                                          --..|   -------   --.|..|--.....--
                                           --.|      |..--  |.....----..[..---
                                            |.|  -----...| --........--.*....|
                                            |.---|..|....--|.............--.*|
                                            |..% |........---(...........| ---
                                            ----......  .....#-..........|
                                                ....     .....|--.....----
                                                               --.....|
                                                               |......|
                                                               |..--.--
                                                               -------
ARFwashere the Conjurer   St:9 Dx:15 Co:14 In:18 Wi:10 Ch:9  Chaotic
Dlvl:3  $:219 HP:0(18) Pw:20(27) AC:4  Xp:3 T:1152 

Latest messages:
 You see here an egg.
 You are momentarily blinded by a flash of light!
 You hear a deafening roar!
 You don't have enough energy to cast that spell yet.
 Wait!  There's something there you can't see!
 It bites!
 It misses!
 In what direction? h
 The spell hits it!
 You kill it!
 Welcome to experience level 3.
 It bites!
 You feel an unseen monster!
 It bites!
 You begin bashing monsters with your gloved hands.
 You miss it.
 It bites!
 What do you want to wield? [- arB or ?*] ?
 a - a blessed +1 quarterstaff (weapon in hands).
 It bites!
 You kill it!
 You can see again.
 You cannot move the boulder.
 In what direction? h
 The boulder falls apart.
 The spell hits the gnome.
 You kill the gnome!
 You see here 41 rocks.
 The gnome wields a thonged club!
 The gnome secures the tether on the thonged club.
 The gnome shoots an arrow!
 You are almost hit by an arrow.
 The gnome shoots an arrow!
 It is hit.
 You can hear again.
 You see here 41 rocks.
 You hit the gnome.
 It picks up an arrow.
 The gnome swings her thonged club.
 The gnome hits!
 You miss the gnome.
 It hits!
 The gnome swings her thonged club.
 The gnome hits!
 You die...
 Do you want your possessions identified? [ynq] (y) y
 Do you want to see your attributes? [ynq] (y) y
 Do you want an account of creatures vanquished? [ynaq] (y) y
 Do you want to see your conduct and achievements? [ynq] (y) y
 Do you want to see the dungeon overview? [ynq] (y) y

Inventory:
 Coins    ('$')
  $ - 219 gold pieces
 Weapons  (')')
  r - a +0 dagger
  B - a cursed -3 dagger
  a - a blessed +1 quarterstaff (weapon in hands)
 Armor    ('[')
  s - an uncursed +4 pair of leather gloves (being worn)
  b - an uncursed +0 cloak of magic resistance (being worn)
 Comestibles  ('%')
  x - an uncursed clove of garlic
  v - 3 uncursed food rations
 Scrolls  ('?')
  k - an uncursed scroll of charging
  u - a blessed scroll of enchant armor
  j - 2 uncursed scrolls of identify
  i - an uncursed scroll of scare monster
  z - an uncursed scroll of taming
  F - a blessed scroll of teleportation
 Spellbooks  ('+')
  m - an uncursed spellbook of clairvoyance
  l - a blessed spellbook of force bolt
 Potions  ('!')
  y - a blessed potion of confusion
  C - a cursed potion of fruit juice
  A - a blessed potion of healing
  f - a blessed potion of monster detection
  h - an uncursed potion of oil
  q - a blessed potion of paralysis
  g - an uncursed potion of restore ability
 Rings    ('=')
  d - an uncursed ring of conflict
  e - an uncursed ring of polymorph
 Wands    ('/')
  w - a wand of lightning (0:5)
  c - a wand of undead turning (0:4)
 Tools    ('(')
  D - an empty uncursed sack
  o - an uncursed tooled horn
  n - a magic marker (0:20)
  E - 5 uncursed wax candles

ARFwashere the Wizard's attributes:

Background:
 You were a Conjurer, a level 3 male elven Wizard.
 You were chaotic, on a mission for Anhur
 who was opposed by Ptah (lawful) and Thoth (neutral).
 You were right-handed.
 You were in the Gnomish Mines, on level 3.
 You entered the dungeon 1152 turns ago.
 It was nighttime.
 There was a new moon in effect when your adventure ended.
 You had 48 experience points, 32 more were needed to attain level 4.

Basics:
 You had 0 out of 18 hit points.
 You had 20 out of 27 energy points (spell power).
 Your armor class was 4.
 Your wallet contained 219 zorkmids.
 Autopickup was on for '$' plus thrown.

Final Characteristics:
 Your strength was 9 (limit:18).
 Your dexterity was 15 (limit:18).
 Your constitution was 14 (limit:16).
 Your intelligence was 18 (limit:20).
 Your wisdom was 10 (limit:20).
 Your charisma was 9 (limit:18).

Final Status:
 You weren't hungry.
 You were unencumbered.
 You were wielding a quarterstaff.
 You had basic skill with quarterstaff.

Final Attributes:
 You were devoutly aligned.
 You were magic-protected.
 You had infravision.
 You were warded.
 You are dead.

Miscellaneous:
 You didn't encounter any bones levels.
 Total elapsed playing time was 10 minutes and 26 seconds.

Major events:
 Turn
    1: ARFwashere the chaotic male elven Wizard entered the dungeon
  831: entered the Gnomish Mines
 1117: attained the rank of Conjurer (level 3)
 1152: killed by a gnome

Spells:
 Name                 Level Category     Fail Retention
 force bolt             1   attack         0%  91%-100%
 clairvoyance           3   divination    79%  76%-100%

Skills:
 Fighting Skills
   bare handed combat [Unskilled]
   riding             [Unskilled]
 Weapon Skills
   dagger             [Unskilled]
   knife              [Unskilled]
   axe                [Unskilled]
   short sword        [Unskilled]
   club               [Unskilled]
   mace               [Unskilled]
   quarterstaff       [Basic]
   polearms           [Unskilled]
   spear              [Unskilled]
   trident            [Unskilled]
   sling              [Unskilled]
   dart               [Unskilled]
   shuriken           [Unskilled]
 Spellcasting Skills
   attack spells      [Basic]
   healing spells     [Unskilled]
   divination spells  [Unskilled]
   enchantment spells [Basic]
   clerical spells    [Unskilled]
   escape spells      [Unskilled]
   matter spells      [Unskilled]

Voluntary challenges:
 Character rerolling was not enabled.
 You were illiterate.
 You never genocided any monsters.
 You never polymorphed an object.
 You never changed form.
 You used no wishes.
Achievements:
 You entered a shop.
 You entered the Gnomish Mines.
 You attained the rank of Conjurer.

 The Dungeons of Doom: levels 1 to 2
    Level 1:
       An altar to Anhur, a fountain.
    Level 2:
       A general store, a grave.
       Stairs down to The Gnomish Mines.
 The Gnomish Mines:
    Level 3: <- You were here.
       Final resting place for
          you, killed by a gnome.


Vanquished creatures:
  2 dwarves
  a coyote
  4 gnomes
  5 jackals
  2 foxes
  3 grid bugs
  a kobold zombie
  2 newts
20 creatures vanquished.

No species were genocided or became extinct.

Game over:
                       ----------
                      /          \
                     /    REST    \
                    /      IN      \
                   /     PEACE      \
                  /                  \
                  |    ARFwashere    |
                  |      219 Au      |
                  |   killed by a    |
                  |      gnome       |
                  |                  |
                  |                  |
                  |       2026       |
                 *|     *  *  *      | *
        _________)/\\_//(\/(/\)/\//\/|_)_______

Goodbye ARFwashere the Wizard...

You died in The Gnomish Mines on dungeon level 3 with 490 points,
and 219 pieces of gold, after 1152 moves.
You were level 3 with a maximum of 18 hit points when you died.

